 Dungeon Crawl Stone Soup version 0.29.1-2-gbd0b4ee654 (webtiles) character file.

Game seed: 11141271551506269498

28 MTVSty1e the Trooper (level 3, 0/24 HPs)
             Began as a Gargoyle Fighter on Oct 23, 2022.
             Slain by a goblin
             ... wielding a +0 club
              (1 damage)
             ... on level 1 of the Dungeon.
             The game lasted 00:00:50 (449 turns).

MTVSty1e the Trooper (Gargoyle Fighter)              Turns: 449, Time: 00:00:50

Health: 0/24       AC: 10    Str: 21    XL:     3   Next: 14%
Magic:  3/3        EV:  9    Int:  8    God:
Gold:   22         SH:  4    Dex:  9    Spells: 2/2 levels left

rFire   . . .      SeeInvis .   a - +0 war axe
rCold   . . .      Faith    .   c - +0 buckler
rNeg    + . .      Spirit   .   b - +0 scale mail
rPois   ∞          Reflect  .   (no helmet)
rElec   +          Harm     .   (no cloak)
rCorr   .          Rampage  .   (no gloves)
Will    .....                   (no boots)
Stlth   ..........              (no amulet)
HPRegen 0.08/turn               (no ring)
MPRegen 0.08/turn               (no ring)

@: mighty
A: sickness immunity, AC +3, negative energy resistance 1, electricity
resistance, torment resistance 1, petrification resistance
a: no special abilities


You were on level 1 of the Dungeon.
You visited 1 branch of the dungeon, and saw 1 of its levels.

You collected 22 gold pieces.

Inventory:

Hand Weapons
 a - a +0 war axe (weapon)
Armour
 b - a +0 scale mail (worn)
 c - a +0 buckler (worn)
Scrolls
 e - 2 scrolls of teleportation {unknown}
 f - a scroll of enchant armour {unknown}
 g - a scroll of torment {unknown}
 h - 2 scrolls of identify {unknown}
Potions
 i - a potion of lignification {unknown}


   Skills:
 + Level 3.7 Fighting
 * Level 2.8 Axes
 - Level 3.2 Armour
 - Level 3.2 Shields


You had 2 spell levels left.
You didn't know any spells.
Your spell library contained the following spells:

 Spells                   Type           Power      Damage    Failure   Level
 Confusing Touch          Hex            0%         N/A       99%         3
 Yara's Violent Unravell  Hex/Tmut       0%         3d3       100%        5
 Enfeeble                 Hex            0%         N/A       100%        7


Dungeon Overview and Level Annotations

Branches:
Dungeon (1/15)

Altars:

Shops:
D:1 =


Innate Abilities, Weirdness & Mutations

You are immune to sickness and miasma.
Your stone body is resilient. (AC +3)
You are immune to poison.
You resist negative energy. (rN+)
You are resistant to electric shocks. (rElec)
You are resistant to unholy torment.
You are immune to petrification.


Message History

A giant cockroach comes into view.
The quokka bites you.
* * * LOW HITPOINT WARNING * * *
The quokka bites you but does no damage.
The giant cockroach moves out of view.
You closely miss the quokka. The quokka misses you.
You hit the quokka.
The quokka is moderately wounded.
The quokka bites you but does no damage.
You block the quokka's attack.
You miss the quokka.
The quokka is moderately wounded.
The quokka bites you but does no damage.
You block the quokka's attack.
You closely miss the quokka.
The quokka is moderately wounded.
The quokka bites you but does no damage. x2
You closely miss the quokka.
The quokka is moderately wounded.
The quokka bites you.
* * * LOW HITPOINT WARNING * * *
You slash the quokka!
You kill the quokka!
The goblin barely misses you.
You miss the goblin. The goblin completely misses you.
You closely miss the goblin. The goblin closely misses you.
You barely miss the goblin. You block the goblin's attack.
A goblin comes into view. It is wielding a +0 club.
The goblin hits you but does no damage.
You barely miss the goblin. The goblin hits you but does no damage.
You barely miss the goblin. You block the goblin's attack.
The goblin closely misses you.
You slash the goblin!
You kill the goblin!
You barely miss the goblin. You block the goblin's attack.
You miss the goblin.
The goblin hits you but does no damage. x2
You miss the goblin. The goblin hits you with a +0 club.
* * * LOW HITPOINT WARNING * * *
You closely miss the goblin. The goblin hits you with a +0 club.
You die...

##### ### # #...# #.#
##.# #...# #.# ### ....
#...####.###.#..####
#####.........@g........
#.>.+....##..###.#..####
#...#....##..# #.# .#
#........##..# #.. ..
#.#..........# ..#. #.
#.##.#...##..# #.#.. #
#........##..# #.# ..
###.##...#.##).# #.# ..#
................


You could see a goblin.

Vanquished Creatures
  3 ball pythons (D:1)
  An endoplasm (D:1)
  3 goblins (D:1)
  3 hobgoblins (D:1)
  7 jackals (D:1)
  2 kobolds (D:1)
  A quokka (D:1)
  2 bats (D:1)
  2 rats (D:1)
24 creatures vanquished.

Notes
Turn   | Place    | Note
-------+----------+-------------------------------------------
     0 | D:1      | MTVSty1e the Gargoyle Fighter began the quest for the Orb.
     0 | D:1      | Reached XP level 1. HP: 14/14 MP: 1/1
    10 | D:1      | Found Qeasobbo's Jewellery Shop.
    37 | D:1      | Reached XP level 2. HP: 18/19 MP: 2/2
   372 | D:1      | Found a faded altar of an unknown god.
   430 | D:1      | Reached XP level 3. HP: 4/24 MP: 3/3
   438 | D:1      | HP: 1/24 [quokka (3)]
   448 | D:1      | HP: 1/24 [goblin/+0 club (1)]
   449 | D:1      | Slain by a goblin

Illustrated notes

Levels and vault maps discovered:
D:1:      spicycebolla_green_bress_n_ham, layout_basic, serial_shops,
          nicolae_shop_advertising_works [nicolae_subvault_shop_adworks],
          basic_ecumenical_altar, st_stairs_10

Skill      XL: |  1 |
---------------+----+-----
Axes           | 2 |  2.8
Fighting       | |  3.7
Armour         | |  3.2
Shields        | |  3.2

Action                   || total
-------------------------++-------
Melee: War axe           ||    65
  Use: Potion            ||     1
Armor: Scale mail        ||    41
Dodge: Dodged            ||    46
Block: Buckler           ||    15
